 Dungeon Crawl Stone Soup version 0.22.1-1-ga44c0e56f4 (webtiles) character file.

3452 IceCat the Grappler (level 9, -6/69 HPs)
             Began as a Green Draconian Transmuter on Oct 18, 2018.
             Was a Follower of Cheibriados.
             Mangled by a hornet (12 damage)
             ... on level 8 of the Dungeon.
             The game lasted 00:24:19 (7239 turns).

IceCat the Grappler (Green Draconian Transmuter)    Turns: 7239, Time: 00:24:19

Health: -6/69      AC:  8    Str: 16    XL:     9   Next: 78%
Magic:  9/17       EV: 14    Int: 17    God:    Cheibriados [*.....]
Gold:   536        SH:  0    Dex: 14    Spells: 11/19 levels left

rFire    x . .     SeeInvis .     - Unarmed
rCold    + . .     Gourm    .   (shield currently unavailable)
rNeg     . . .     Faith    .   (armour unavailable)
rPois    +         Spirit   .   (helmet restricted)
rElec    .         Reflect  .   w - +0 cloak
rCorr    .         Harm     .   (gloves currently unavailable)
MR       .....     Rnd*Tele +   (no boots)
Stlth    +.........             q - amulet of magic regeneration
HPRegen  0.21/turn              m - ring of ice
MPRegen  0.40/turn              p - ring of teleportation (curse)

@: blade hands, very slightly contaminated, slowed, very slow
A: breathe noxious fumes, unfitting armour, poison resistance, cold-blooded, AC
+7
a: Breathe Noxious Fumes, End Transformation, Bend Time, Renounce Religion


You were on level 8 of the Dungeon.
You worshipped Cheibriados.
Cheibriados was aware of your devotion.
You were hungry.
You had blades for hands.
You visited 2 branches of the dungeon, and saw 9 of its levels.
You also visited: Sewer.

You collected 536 gold pieces.

Inventory:

Missiles
 a - 79 arrows
 l - 3 curare-tipped needles
 v - 7 poisoned tomahawks (quivered)
Armour
 f - a +0 buckler
 h - a +1 pair of gloves of dexterity (melded)
 w - a +0 cloak (worn)
Magical Staves
 t - an uncursed staff of wizardry
Jewellery
 m - a ring of ice (left scythe-like blade)
 p - a cursed ring of teleportation (right scythe-like blade)
 q - an amulet of magic regeneration (around neck)
Wands
 o - a wand of iceblast (5)
 F - a wand of enslavement (21)
Scrolls
 j - 7 scrolls of identify
 k - 2 scrolls of magic mapping
 s - 2 scrolls of teleportation
 u - a scroll of remove curse {unknown}
 y - a scroll of random uselessness {unknown}
 z - 2 scrolls of enchant armour {unknown}
 A - a scroll of noise {unknown}
 D - a scroll of summoning {unknown}
 E - a scroll of silence {unknown}
 G - a scroll of fog
 H - a scroll of amnesia {unknown}
Potions
 b - a potion of magic {unknown}
 d - a potion of lignification {unknown}
 e - 2 potions of berserk rage {unknown}
 g - 3 potions of heal wounds {unknown}
 i - a potion of haste {unknown}
 n - 3 potions of curing {unknown}
 r - a potion of ambrosia {unknown}
 x - a potion of agility {unknown}
 B - 3 potions of flight {unknown}
Comestibles
 c - 10 rations
 C - 10 chunks of flesh


   Skills:
 + Level 3.1 Fighting
 + Level 0.1 Throwing
 + Level 4.3 Dodging
 + Level 8.9 Unarmed Combat
 + Level 5.6 Spellcasting
 * Level 7.8 Transmutations
 * Level 2.3 Evocations


You had 11 spell levels left.
You knew the following spells:

 Your Spells              Type           Power        Failure   Level  Hunger
a - Beastly Appendage     Tmut           ####..       12%         1    None
b - Sticks to Snakes      Tmut           ####....     14%         2    #......
c - Blade Hands           Tmut           ####......   54%         5    ######.

Your spell library contained the following spells:

 Spells                   Type           Power        Failure   Level  Hunger
 Spider Form              Tmut/Pois      ###.......   41%         3    ##.....
 Ice Form                 Ice/Tmut       ####....     69%         4    ####...
 Yara's Violent Unravell  Hex/Tmut       ###.......   91%         5    ######.
 Cause Fear               Hex            #.........   98%         4    ####...
 Silence                  Hex/Air        #.........   100%        5    ######.
 Deflect Missiles         Chrm/Air       #.........   100%        6    #######
 Discord                  Hex            #.........   100%        8    #######


Dungeon Overview and Level Annotations

Branches:
Dungeon (8/15)             Temple (1/1) D:7
   Lair: D:8-11

Altars:
Ashenzari
Cheibriados
Dithmenos
Elyvilon
Fedhas
Hepliaklqana
Kikubaaqudgha
Makhleb
Nemelex Xobeh
Okawaru
Qazlal
Ru
Sif Muna
Uskayaw
Vehumet
Xom
Yredelemnul
Zin
The Shining One


Innate Abilities, Weirdness & Mutations

You can breathe blasts of noxious fumes.
Your lurid green scales are hard. (AC +7)
You cannot fit into any form of body armour.
Your system is resistant to poisons. (rPois)
You are cold-blooded and may be slowed by cold attacks.


Message History

The hornet stings you but does no damage.
A worker ant simulacrum comes into view.
The wolf barely misses you.
You barely miss the hornet.
Your tail-slap misses the hornet.
The hornet is moderately wounded.
The hornet stings you.
A sky beast appears from thin air!
Reactivating autopickup.
The sky beast misses you.
The wolf pauses to sniff the ground.
The wolf barely misses you.
You shred the wolf!!!
You kill the wolf!
Cheibriados thoroughly appreciates the change of pace.
The hornet stings you! The sky beast misses you. The hornet stings you!!
* * * LOW HITPOINT WARNING * * *
You feel yourself slow down.
You slash the sky beast!
Your tail-slap misses the sky beast.
The sky beast is moderately wounded.
The hornet stings you!
You die...

...#............## .....
#..#............#.
...#.##.................
#.....#Z................
....................(...
#..............#..#...)
#....................
#.Yy.....##.....##..
.##.†@..?..###.....#..
......#..............##.
#........†.......##..#..
#...###......<..####....
..# #...†....<# .... #
.....###...### . .....#
#...# . #.##..# #...# .
. #.. .#..


You could see a hornet, a sky beast and a worker ant simulacrum.

Vanquished Creatures
  A hippogriff (D:7)
  A yak (D:8)
  A wyvern (D:8)
  A hungry ghost (D:7)
  Menkaure (D:4)
  A black bear (D:7)
  Purgy (Sewer)
  5 ice beasts
  4 ogres
  A sky beast (D:6)
  2 phantoms
  A wolf (D:8)
  A centaur (D:5)
  3 bullfrogs (D:7)
  A gnoll sergeant (D:6)
  A scorpion (D:7)
  3 howler monkeys (D:8)
  A jelly (D:5)
  A bullfrog zombie (D:6)
  5 orc priests
  A centaur skeleton (D:6)
  4 orc wizards
  7 worker ants
  2 hound zombies
  2 hound skeletons
  A killer bee simulacrum (D:8)
  A howler monkey skeleton (D:6)
  A worker ant zombie (D:7)
  9 adders
  A shadow imp (D:5)
  A white imp (D:8)
  A howler monkey simulacrum (D:8)
  A worker ant simulacrum (D:8)
  2 oozes
  4 adder skeletons
  An adder zombie (D:5)
  6 worms
  5 dart slugs
  5 leopard geckos
  19 orcs
  4 giant cockroaches
  11 goblins
  8 hobgoblins
  15 jackals
  4 quokkas
  A ball python (D:1)
  11 bats
  6 frilled lizards
  A jackal skeleton (D:6)
  6 kobolds
  A leopard gecko zombie (D:7)
  A quokka skeleton (D:5)
  7 rats
186 creatures vanquished.

Vanquished Creatures (collateral kills)
  A howler monkey (D:4)
  A hound (D:4)
  2 iguanas
  2 orcs
6 creatures vanquished.

Grand Total: 192 creatures vanquished

Notes
Turn   | Place    | Note
-------+----------+-------------------------------------------
     0 | D:1      | IceCat the Draconian Transmuter began the quest for the
                  | Orb.
     0 | D:1      | Reached XP level 1. HP: 16/16 MP: 3/3
   114 | D:1      | Reached XP level 2. HP: 22/23 MP: 0/5
   436 | D:1      | Reached XP level 3. HP: 28/28 MP: 4/6
   692 | D:2      | Learned a level 2 spell: Sticks to Snakes
  1111 | D:2      | Found a glowing silver altar of Zin.
  1111 | D:2      | Noticed an angel
  1261 | D:3      | Reached XP level 4. HP: 34/35 MP: 5/7
  1309 | D:3      | Reached skill level 4 in Unarmed Combat
  1663 | D:3      | Reached XP level 5. HP: 39/40 MP: 7/9
  1834 | D:4      | Noticed an ogre
  1854 | D:4      | Killed an ogre
  2056 | D:4      | Noticed a phantom
  2112 | D:4      | Killed a phantom
  2112 | D:4      | Reached skill level 5 in Unarmed Combat
  2112 | D:4      | Reached XP level 6. HP: 11/47 MP: 6/10
  2127 | D:4      | Learned a level 5 spell: Blade Hands
  2388 | D:4      | Noticed Menkaure
  2451 | D:4      | Killed Menkaure
  2896 | D:4      | Your scales start taking on a lurid green colour.
  2896 | D:4      | Reached XP level 7. HP: 51/52 MP: 9/12
  2896 | D:4      | Gained mutation: Your system is resistant to poisons.
                  | (rPois) [Green Draconian growth]
  2956 | D:4      | Reached skill level 5 in Transmutations
  3200 | D:4      | Found a burning altar of Makhleb.
  3389 | D:5      | Entered Level 5 of the Dungeon
  3485 | D:5      | Found a glowing drain.
  3496 | Sewer    | Entered a sewer
  3528 | Sewer    | Noticed Purgy
  3548 | Sewer    | Killed Purgy
  4431 | D:5      | Reached skill level 6 in Unarmed Combat
  4431 | D:5      | Reached XP level 8. HP: 60/61 MP: 14/14
  5312 | D:6      | Found a sacrificial altar of Ru.
  5707 | D:6      | Reached skill level 7 in Unarmed Combat
  5930 | D:7      | Noticed a hippogriff
  5939 | D:7      | Killed a hippogriff
  5939 | D:7      | Reached skill level 5 in Spellcasting
  5939 | D:7      | Reached XP level 9. HP: 58/67 MP: 13/16
  6293 | D:7      | Reached skill level 8 in Unarmed Combat
  6530 | D:7      | Reached skill level 1 in Evocations
  6559 | D:7      | Found a staircase to the Ecumenical Temple.
  6565 | Temple   | Entered the Ecumenical Temple
  6723 | Temple   | Became a worshipper of Cheibriados the Contemplative
  7207 | D:8      | Reached * piety under Cheibriados
  7239 | D:8      | Mangled by a hornet

Skill      XL: |  1  2  3  4  5  6  7  8  9 |
---------------+----------------------------+-----
Dodging        | 2 3 4 |  4.3
Transmutations | 3 4 5 6 7 |  7.8
Unarmed Combat | 4 5 6 7 8 |  8.9
Spellcasting   | 3 4 5 |  5.6
Fighting       | 2 3 |  3.1
Evocations     | 2 |  2.3
Throwing       | |  0.1

Action                   |  1- 3 |  4- 6 |  7- 9 || total
-------------------------+-------+-------+-------++-------
Melee: Unarmed           |   137 |   126 |   421 ||   684
       Headbutt          |    10 |     5 |    22 ||    37
       Tailslap          |     9 |    15 |    56 ||    80
       Kick              |     9 |    18 |    26 ||    53
       Punch             |     1 |     2 |     9 ||    12
       Staff             |       |       |    10 ||    10
Throw: Tomahawk          |       |       |     4 ||     4
 Cast: Beastly Appendage |    27 |    16 |    37 ||    80
       Sticks to Snakes  |       |    16 |     8 ||    24
       Blade Hands       |       |       |     9 ||     9
  Use: Scroll            |       |     1 |     4 ||     5
 Stab: Distracted        |       |     1 |       ||     1
       Sleeping          |       |       |     2 ||     2
  Eat: Chunk             |     2 |     5 |    20 ||    27
       Ration            |       |       |     1 ||     1
Armor: Skin              |    44 |    32 |   139 ||   215
Dodge: Dodged            |    87 |    76 |   248 ||   411
